[Event "*** Titled Tuesday Blitz"]
[Site "Chess.com"]
[Date "2020.05.12"]
[Round "1"]
[White "124chess"]
[Black "ural58"]
[Result "1-0"]
[WhiteElo "2802"]
[BlackElo "2418"]
[TimeControl "180+1"]
[EndTime "10:07:27 PDT"]
[Termination "124chess won by resignation"]

1. e4 d5 2. d3 dxe4 3. dxe4 Qxd1+ 4.
Kxd1 f5 5. Bf4 fxe4 6. Bxc7 Nf6 7. Nd2 Bf5 8. Ne2 h5 9. Ng3 Bg6 10. Bxb8 Rxb8 11. Bb5+ Kf7 12. Re1 Rd8 13. Kc1 e6 14. Ngxe4 Nxe4 15. Nxe4 Be7 16. Bd3 Rd5 17. a3 Rc8 18. Kb1 b5 19. f3 a5 20. Nf2 Bh4 21. g3 Bf6 22. Bxg6+ Kxg6 23. Nd3 e5 24. Re4 Rc4 25.
a4 h4 26. axb5 Rxe4 27. fxe4 Rxb5 28. gxh4 Kh5 29. c4 Rb8 30. Rxa5 Kxh4 31. c5 Kh3 32. c6 Kxh2 33. c7 Rc8 34. Rc5 g5 35. b4 Be7 36.
Rc2+ Kg3 37. b5 Bd6 38. b6 Kf3 39. Rc6 Bxc7 40. Rxc7 Rb8 41. b7 Kxe4 42. Nb4 g4 43.
Nc6 Rxb7+ 44. Rxb7 g3 45. Rg7 Kf3 46. Nxe5+ Kf2 47.
Nd3+ Kf3 48. Kc2 1-0

[Event "*** Titled Tuesday Blitz"]
[Site "Chess.com"]
[Date "2020.05.12"]
[Round "1"]
[White "Pultis"]
[Black "Irishchessman16"]
[Result "0-1"]
[WhiteElo "2725"]
[BlackElo "2405"]
[TimeControl "180+1"]
[EndTime "10:07:28 PDT"]
[Termination "Irishchessman16 won by checkmate"]

1. d4 f6 2. e4 g6 3. Nf3 Bg7 4. Nc3 Nh6 5. Bc4 e6 6. e5 O-O 7.
exf6 Qxf6 8. Ne4 Qe7 9. Bd3 Nc6 10. c3 d5 11. Bg5 Qe8 12. Ng3 e5 13. dxe5 Nxe5 14. Be2 Nxf3+ 15. gxf3 c6 16. Qd2 Nf7 17.
Be3 Ne5 18. f4 Rxf4 19. O-O-O Nf3 20. Qc2 Rf8 21. h4 Bf5 22. Nxf5 Rxf5 23. h5 Qe6 24. hxg6 hxg6 25. Bd3 Rf6 26. Qb3 b5 27. a4 a6 28. Kb1 Ne5 29. Bc2 bxa4 30. Qxa4 Rb8 31.
Qh4 Nc4 32. Qh7+ Kf7 33. Bd4 Rxb2+ 34. Ka1 Rxc2 35. Rhe1 Qd6 36. Kb1 Rb2+ 37. Kc1 Qa3 38. Re7+ Qxe7 39. Rd3 Qe1+ 40. Rd1 Rb1+ 41. Kxb1 Qxd1+ 42. Ka2 Qc2+ 43. Ka1 Qb2# 0-1

[Event "*** Titled Tuesday Blitz"]
[Site "Chess.com"]
[Date "2020.05.12"]
[Round "1"]
[White "Kapibara_Warri0r"]
[Black "PlotnikovPavel"]
[Result "0-1"]
[WhiteElo "2087"]
[BlackElo "2500"]
[TimeControl "180+1"]
[EndTime "10:07:28 PDT"]
[Termination "PlotnikovPavel won by checkmate"]

1. e4 e6 2. d4 d5 3. Nc3 Nf6 4. e5 Ng8 5. f4 c5 6. Nf3 Nc6 7. Be3 Nge7 8. dxc5 Nf5 9. Bf2 Qa5 10. Qd2 Bxc5 11. Bxc5 Qxc5 12. O-O-O a6 13. g4 Ne3 14. Qf2 d4 15. Ne4 Nxd1 16. Qe1 Qd5 17. Kxd1 Qxa2 18. Nd6+ Ke7 19. Nxd4 Nxd4 20. Qb4 Qb1+ 21.
Kd2 Qxc2+ 22. Ke3 Nc6 23. Nf5+ Ke8 24. Nxg7+ Kd8 25. Qb6+ Kd7 26. Bg2 Rg8 27. Bxc6+ bxc6 28. Qd4+ Kc7 29. Qd6+ Kb7 30. Qe7+ Kb8 31. Qd6+ Ka7 32. Qe7+ Bb7 33. Qxf7 Rad8 34. Nxe6 Qd2+ 35. Kf3 Rd3+ 36.
Ke4 Qe2+ 37. Kf5 Qxg4+ 38. Ke4 Qf3+ 39. Kf5 Qh3+ 40. Ke4 c5+ 41. Qxb7+ Kxb7 42. Nxc5+ Ka7 43. Nxd3 Qg2+ 44. Kf5 Qg6# 0-1

[Event "*** Titled Tuesday Blitz"]
[Site "Chess.com"]
[Date "2020.05.12"]
[Round "1"]
[White "Luibov_AN"]
[Black "Grandmaster2B"]
[Result "0-1"]
[WhiteElo "2099"]
[BlackElo "2502"]
[TimeControl "180+1"]
[EndTime "10:07:29 PDT"]
[Termination "Grandmaster2B won by resignation"]

1. d4 Nf6 2. Nf3 e6 3. c4 b6 4. Nc3 Bb4 5. Qc2 Bb7 6. g3 c5 7. dxc5 bxc5 8. Bg2 O-O 9. O-O Qe7 10. Qb3 Nc6 11. Bd2 Rfd8 12. a3 Ba5 13. Nb5 a6 14. Nc7 Rab8 15. Bxa5 Nxa5 16. Qa4 Nc6 17. b4 cxb4 18.
Nd2 d5 19. cxd5 exd5 20. Nxa6 Ra8 21. Qb5 Rxa6 22. Nb3 Na7 23. Qd3 Rxa3 24. Rab1 Ba6 25. Qd4 Nb5 26. Qb6 Nc3 27. Rb2 Nxe2+ 28. Kh1 Nc3 29.
Nc5 Bxf1 30. Bxf1 Na4 31. Nxa4 Rxa4 32. Bb5 Ra1+ 33. Kg2 Qe4+ 34. f3 Qe7 35. Qd4 Raa8 36. Bc6 Qa7 37. Qf4 Rac8 38. Bb5 Qc7 39. Qd4 Qc3 40. Qxb4 Qxb4 41. Rxb4 d4 42. Rb2 d3 43. Bxd3 Rxd3 0-1

[Event "*** Titled Tuesday Blitz"]
[Site "Chess.com"]
[Date "2020.05.12"]
[Round "1"]
[White "tgpgoat"]
[Black "binbin239"]
[Result "0-1"]
[WhiteElo "2096"]
[BlackElo "2501"]
[TimeControl "180+1"]
[EndTime "10:07:30 PDT"]
[Termination "binbin239 won by resignation"]

1. e4 c5 2. Nf3 Nc6 3. d4 cxd4 4. Nxd4 g6 5. Nc3 Bg7 6. Be3 Nf6 7. Bc4 Qa5 8. f3 Qb4 9. Nxc6 Qxc4 10. Nxa7 O-O 11. Nxc8 Rfxc8 12. Qe2 Qb4 13. O-O Qxb2 14. Bd4 Qb4 15.
Qd3 d6 16. Rfb1 Qc4 17. Rb3 Rc7 18. a4 e5 19. Bb6 Qxd3 20. cxd3 Rc6 21. a5 Nd7 22.
Nd5 Nxb6 23. Nxb6 Rd8 24. Rab1 Bh6 25. Nc4 d5 26. Kf1 dxc4 27. dxc4 Rxc4 28. Rxb7 Ra4 29. R7b5 Rd2 30. Rc1 Rf2+ 31. Kxf2 Bxc1 32. Rxe5 Bd2 33. Re8+ Kg7 34. Rc8 Bxa5 35. Rc2 Bb6+ 36. Kg3 h5 37. h4 Bd4 38. Kh3 Be5 39. Rd2 Ra1 40. g3 Rg1 41. f4 Bc3 42. Rd3 Be1 43. e5 Bb4 44. Rf3 Be7 45. Rd3 Re1 46. Rf3 Rd1 47. Kg2 Rd2+ 48.
Kh3 Bc5 49. Rf1 f6 50. exf6+ Kxf6 51. Rc1 Bf2 52. Rc6+ Kf5 53. Rc8 Rd3 54. Rf8+ Ke6 55. Rg8 Kf7 56. Rc8 Bxg3 57. Rc7+ Kf6 58. Rc6+ Kg7 59.
Rc7+ Kh6 60. Rf7 Bxf4+ 61. Kg2 Be5 62. Re7 Bf6 63. Re6 Bxh4 0-1

[Event "*** Titled Tuesday Blitz"]
[Site "Chess.com"]
[Date "2020.05.12"]
[Round "1"]
[White "grandcoach"]
[Black "Alopekos"]
[Result "0-1"]
[WhiteElo "2006"]
[BlackElo "2485"]
[TimeControl "180+1"]
[EndTime "10:07:31 PDT"]
[Termination "Alopekos won on time"]

1. e4 e5 2. Nf3 Nc6 3. d4 exd4 4. c3 Nf6 5. e5 Ne4 6. Qe2 d5 7. exd6 Bf5 8. Nbd2 Bxd6 9. Nxe4 O-O 10. Nxd6 Qxd6 11.
cxd4 Nb4 12. Kd1 Nc2 13. Qxc2 Bxc2+ 14. Kxc2 c5 15. Bg5 cxd4 16. Rd1 h6 17. Bh4 Qg6+ 18.
Bd3 Qxg2 19. Be4 Qg4 20. Rhe1 Rac8+ 21. Kb1 Rce8 22. Bxb7 Qf5+ 23. Ka1 Rxe1 24. Rxe1 Rb8 25. Be4 Qb5 26. b3 Re8 27. Nd2 Qb4 28. Re2 Qc3+ 29. Kb1 d3 30. Bg3 Qc2+ 31. Ka1 Qd1+ 32. Nb1 dxe2 0-1

[Event "*** Titled Tuesday Blitz"]
[Site "Chess.com"]
[Date "2020.05.12"]
[Round "1"]
[White "Gabrielian_Artur"]
[Black "WastefulJustice"]
[Result "1-0"]
[WhiteElo "2708"]
[BlackElo "2372"]
[TimeControl "180+1"]
[EndTime "10:07:32 PDT"]
[Termination "Gabrielian_Artur won by resignation"]

1. e4 e5 2. Nc3 Nf6 3. g3 Bc5 4. Bg2 Nc6 5. d3 O-O 6. Nge2 d6 7. Na4 Bg4 8. h3 Bh5 9. g4 Bg6 10. Nxc5 dxc5 11. b3 Nd7 12. O-O Nd4 13. Be3 Re8 14. c3 Nxe2+ 15. Qxe2 b6 16. Rad1 Qe7 17. Qf3 Rad8 18.
Qg3 a5 19. f4 exf4 20. Bxf4 Ne5 21. d4 cxd4 22. cxd4 Nc6 23. d5 Ne5 24. Rd2 Rd7 25. Kh2 f6 26. Rdf2 h6 27. h4 Nf7 28. g5 hxg5 29. hxg5 fxg5 30. Bc1 Bxe4 31. Rxf7 Qxf7 32. Rxf7 Rxf7 33. Qe3 Rfe7 34. Bxe4 Rxe4 35. Qxg5 Re2+ 36.
Kh3 Rxa2 37. Bf4 Rae2 38. Bxc7 R8e3+ 39. Bg3 Rxb3 40. Qd8+ Kh7 41. Qh4+ Kg8 42. d6 Ree3 43. d7 Rxg3+ 44. Qxg3 a4 45. d8=Q+ 1-0

[Event "*** Titled Tuesday Blitz"]
[Site "Chess.com"]
[Date "2020.05.12"]
[Round "1"]
[White "martabartel"]
[Black "m_ezat"]
[Result "0-1"]
[WhiteElo "2271"]
[BlackElo "2588"]
[TimeControl "180+1"]
[EndTime "10:07:32 PDT"]
[Termination "m_ezat won by resignation"]

1. d4 Nf6 2. Nf3 g6 3. c4 Bg7 4. Nc3 d6 5. Bg5 h6 6. Bh4 g5 7. Bg3 O-O 8. e3 Nh5 9. Be2 e6 10. Nd2 Nxg3 11. hxg3 c5 12. d5 Qa5 13. Qc2 a6 14.
Kf1 exd5 15. Nxd5 Nc6 16. Ne4 Qd8 17. Rd1 f5 18. Nec3 Be6 19. a3 Rb8 20. Qd3 Ne5 21.
Qc2 Bf7 22. b3 Bg6 23. Qd2 Rf7 24. f4 Nc6 25. Bh5 Bxh5 26. Rxh5 b5 27. Qd3 b4 28.
axb4 cxb4 29. Ne2 Qe8 30. Rh1 a5 31. Kf2 a4 32. bxa4 b3 33. Nd4 Nxd4 34. exd4 Qxa4 35.
Rb1 b2 36. fxg5 hxg5 37. Qe2 Bxd4+ 38. Kf1 Qa2 39. Qd1 Qxc4+ 40. Qe2 Qxd5 0-1

[Event "*** Titled Tuesday Blitz"]
[Site "Chess.com"]
[Date "2020.05.12"]
[Round "1"]
[White "Gerasimenyuk_Miha"]
[Black "S2PAc"]
[Result "0-1"]
[WhiteElo "2407"]
[BlackElo "2770"]
[TimeControl "180+1"]
[EndTime "10:07:33 PDT"]
[Termination "S2PAc won by resignation"]

1. d4 Nf6 2. Nf3 g6 3. Bg5 Bg7 4. e3 O-O 5. Nbd2 d5 6. Bd3 c5 7. c3 Qb6 8. Rb1 Nc6 9. h4 Nd7 10. h5 e5 11. dxe5 Ndxe5 12. Bc2 Bg4 13. hxg6 hxg6 14.
Nb3 d4 15. Nxe5 Nxe5 16. f3 d3 17. fxg4 dxc2 18. Qxc2 Rfe8 19. O-O Nxg4 20. Qe2 Ne5 21. Qf2 Qc6 22. Rbd1 b6 23. Nd2 Qe6 24. Qh4 Qg4 25. Qxg4 Nxg4 26. Nc4 f6 27. Bf4 g5 28. Bg3 Nxe3 29.
Nxe3 Rxe3 30. Bf2 Re2 31. Rfe1 Rae8 32. Rxe2 Rxe2 33. Rd7 Rxb2 34. Rxa7 f5 35. c4 f4 36. Rb7 g4 37. g3 f3 38. a4 Rb1+ 39. Kh2 Bd4 40. Bxd4 cxd4 41. Rb8+ Kg7 42. Rb7+ Kf6 43. Rb8 Ke7 44. Rb7+ Ke6 45. c5 f2 0-1

[Event "*** Titled Tuesday Blitz"]
[Site "Chess.com"]
[Date "2020.05.12"]
[Round "1"]
[White "Rodalquilar"]
[Black "Kaua18"]
[Result "1/2-1/2"]
[WhiteElo "2621"]
[BlackElo "2317"]
[TimeControl "180+1"]
[EndTime "10:07:33 PDT"]
[Termination "Game drawn by repetition"]

1. d4 Nf6 2. Bf4 b6 3. e3 Bb7 4. Nd2 e6 5. Ngf3 c5 6. Bd3 Be7 7. h3 d6 8. O-O cxd4 9. exd4 O-O 10. a4 a6 11. Bh2 Nbd7 12. c3 Qc7 13. Nc4 Rfe8 14.
Ne3 Bf8 15. Nd2 e5 16. dxe5 Nxe5 17. Be2 Rad8 18. Nf3 h6 19. Nd4 Nfd7 20. Qd2 g6 21. Rad1 h5 22. Rfe1 Bh6 23. Qc2 Nc5 24. b4 Be4 25.
Qa2 Ncd3 26. Bxd3 Nxd3 27. Nd5 Bxd5 28. Rxe8+ Rxe8 29. Qxd5 Qxc3 30. Nf3 Nxb4 31. Qxd6 Qc5 32. Qd7 Re2 33. Qd8+ Kh7 34. Nd4 Rd2 35. Rf1 Qxd4 36. Qe7 Kg8 37. Be5 Re2 38. Qe8+ Bf8 39. Qxf8+ Kxf8 40. Bxd4 Nd5 41. Rd1 Ke7 42. Rc1 Kd6 43. Bg7 Ra2 44.
Bf8+ Kd7 45. Rd1 Ke6 46. Re1+ Kd7 47. Rd1 Kc6 48. Rc1+ Kd7 49. Rd1 1/2-1/2

[Event "*** Titled Tuesday Blitz"]
[Site "Chess.com"]
[Date "2020.05.12"]
[Round "1"]
[White "GM_DarwinLaylo"]
[Black "marszach123"]
[Result "1-0"]
[WhiteElo "2531"]
[BlackElo "2188"]
[TimeControl "180+1"]
[EndTime "10:07:33 PDT"]
[Termination "GM_DarwinLaylo won on time"]

1. c4 e5 2. Nc3 Nf6 3. g3 Nc6 4. Bg2 Bc5 5. e3 d5 6. cxd5 Nb4 7. d4 exd4 8. exd4 Be7 9. Nge2 Nbxd5 10. O-O O-O 11. h3 c6 12. Nf4 Nxf4 13. Bxf4 Be6 14.
Re1 Qd7 15. Kh2 Rad8 16. Be3 Rfe8 17. Qa4 a6 18. Rad1 Nd5 19. a3 Bf6 20. Qa5 Nxe3 21.
fxe3 Bb3 22. Rd2 Be7 23. Qb6 Be6 24. e4 Bg5 25. Rdd1 Bc4 26. Qc5 Bb3 27. Qxg5 Bxd1 28. Rxd1 Qe6 29. d5 cxd5 30. exd5 Qe5 31. Qxe5 Rxe5 32.
d6 Re6 33. d7 Re7 34. Bxb7 Rexd7 35. Bd5 Kf8 36. Rd3 a5 37. b4 axb4 38. axb4 f6 39.
b5 Rb8 40. Kg2 1-0

[Event "*** Titled Tuesday Blitz"]
[Site "Chess.com"]
[Date "2020.05.12"]
[Round "1"]
[White "mbachez"]
[Black "AnishGiri"]
[Result "1-0"]
[WhiteElo "2479"]
[BlackElo "3020"]
[TimeControl "180+1"]
[EndTime "10:07:34 PDT"]
[Termination "mbachez won by resignation"]

1. e4 c5 2. Nf3 d6 3. Bc4 Nf6 4. Qe2 Nc6 5. c3 e6 6. Bb3 Be7 7. O-O d5 8. e5 Nd7 9. d4 b6 10. Rd1 Bb7 11. Bf4 g5 12. Bg3 h5 13. h3 c4 14. Bc2 b5 15. b3 Nb6 16. a4 cxb3 17.
Bxb3 bxa4 18. Bc2 Qd7 19. Na3 Na5 20. Bd3 Nac4 21. Nc2 a3 22. Rdb1 Qa4 23. h4 g4 24.
Ng5 Rc8 25. Ne3 Rc7 26. Nxc4 Nxc4 27. f3 Bxg5 28. hxg5 h4 29. Bf4 g3 30. g6 fxg6 31. Bxg6+ Kd7 32. Bd3 a5 33. Bg5 Ba6 34. Bf6 Rg8 35. f4 Kc8 36. f5 Qd7 37. Rxa3 Rb7 38. Rxb7 Qxb7 39. Ra1 exf5 40. e6 Qc6 41. e7 Re8 42.
Bxf5+ Kc7 43. Bxh4 Nd6 44. Qe3 Nxf5 45. Qf4+ Nd6 46. Bxg3 Rxe7 47. Rxa5 Rd7 48. Rc5 Bc4 49. Qf6 Kb7 50. Rxc6 Kxc6 51. Be5 Ba6 52. g4 Bd3 53. g5 Be4 54. g6 Rd8 55. Qxd8 1-0

[Event "*** Titled Tuesday Blitz"]
[Site "Chess.com"]
[Date "2020.05.12"]
[Round "1"]
[White "Hasangatin_Ramil"]
[Black "MedinaCocalik"]
[Result "1-0"]
[WhiteElo "2547"]
[BlackElo "2208"]
[TimeControl "180+1"]
[EndTime "10:07:34 PDT"]
[Termination "Hasangatin_Ramil won by resignation"]

1. e4 e6 2. d3 d5 3. Qe2 Be7 4. Nf3 Nf6 5. g3 c5 6. Bg2 Nc6 7. e5 Nd7 8. c4 d4 9. h4 h6 10.
h5 Qc7 11. Bf4 b6 12. Na3 a6 13. Nc2 Bb7 14. b4 O-O 15. b5 axb5 16. cxb5 Nb4 17. Nxb4 cxb4 18. O-O Bc5 19. Nd2 Bxg2 20. Kxg2 Qb7+ 21.
Kg1 Ra3 22. Nc4 Ra7 23. Rac1 Rfa8 24. Rc2 Qd5 25. Rb1 Nf8 26. Rcb2 Qd7 27. Bd2 Qxb5 28. Bxb4 Qc6 29. Bxc5 bxc5 30. Rb6 Qc7 31. R1b2 Nd7 32. Rd6 Rb8 33. Rb3 Rxb3 34. axb3 Qb7 35. Qe4 Qxb3 36. Rxd7 Rxd7 37. Qa8+ Kh7 38. Qe4+ Kg8 39. Qa8+ Kh7 40.
Qe4+ g6 41. hxg6+ fxg6 42. Nd6 Qd5 43. Qf4 Rg7 44. Ne8 Ra7 45. Nf6+ Kg7 46. Nxd5 exd5 47. Qf6+ Kh7 48. e6 c4 49. dxc4 d3 50. e7 Rxe7 51. Qxe7+ 1-0

[Event "*** Titled Tuesday Blitz"]
[Site "Chess.com"]
[Date "2020.05.12"]
[Round "1"]
[White "maciek_92"]
[Black "Logman74"]
[Result "0-1"]
[WhiteElo "2635"]
[BlackElo "2350"]
[TimeControl "180+1"]
[EndTime "10:07:35 PDT"]
[Termination "Logman74 won by resignation"]

1. e4 c5 2. Nf3 d6 3. d4 cxd4 4.
Nxd4 Nf6 5. Nc3 a6 6. h3 e6 7. g4 d5 8. exd5 Nxd5 9. Bg2 Nxc3 10.
bxc3 Qc7 11. O-O Bc5 12. Nb3 Bd6 13. c4 O-O 14. c5 Be5 15. Rb1 Bd7 16. Bd2 Bc6 17. Ba5 Qe7 18. f3 Qh4 19. Qe1 Bg3 20. Qe2 Bf4 21. Qe1 Qf6 22. Bc3 Qh6 23.
Nd4 Bd5 24. h4 Nc6 25. g5 Qg6 26. Qe2 Rfd8 27. Nxc6 Bxc6 28. Rfd1 h6 29. gxh6 Qxh6 30. Be1 Be3+ 31. Bf2 Bxf2+ 32. Qxf2 Qf4 33. Rd3 Rxd3 34. cxd3 Rd8 35. Rd1 Rd4 36. Rd2 Qxh4 37. Qxh4 Rxh4 38. d4 Rf4 39. Kf2 Bd5 40. Ke3 g5 41. a3 Kg7 42.
Rf2 Rh4 43. Rb2 f5 44. a4 Rh2 45. a5 g4 46. Rf2 Kf6 47. Kf4 gxf3 48. Kg3 0-1

[Event "*** Titled Tuesday Blitz"]
[Site "Chess.com"]
[Date "2020.05.12"]
[Round "1"]
[White "Vesper2018"]
[Black "csati17"]
[Result "1-0"]
[WhiteElo "2219"]
[BlackElo "2527"]
[TimeControl "180+1"]
[EndTime "10:07:35 PDT"]
[Termination "Vesper2018 won by resignation"]

1. e4 e6 2. d4 d5 3. Nc3 Bb4 4. e5 Ne7 5. a3 Bxc3+ 6. bxc3 b6 7. h4 Ba6 8. Bxa6 Nxa6 9. h5 h6 10. Rh4 Nf5 11. Rf4 c5 12. Bd2 Rc8 13. Qf3 cxd4 14. cxd4 Rf8 15. c3 Qd7 16. Ne2 Nb8 17. g4 Ne7 18. Qd3 Nbc6 19. Qh7 Rg8 20. g5 hxg5 21. Rg4 Na5 22. Rxg5 Nb3 23. Rd1 Nxd2 24. Rxd2 g6 25. hxg6 fxg6 26. Qh3 Qc6 27. Rd3 Kd7 28. Nf4 Rcf8 29.
Qg4 Rf5 30. Rh3 Rxg5 31. Qxg5 Re8 32. Kd2 Kc8 33. Rh7 Qb5 34. Rxe7 Qb2+ 35. Ke3 Qxc3+ 36. Nd3 Rxe7 37. Qxe7 Qc6 38. Qf8+ Kb7 39. Qf7+ Qc7 40. Qxe6 Qc4 41. Qd7+ Ka6 42. e6 1-0

[Event "*** Titled Tuesday Blitz"]
[Site "Chess.com"]
[Date "2020.05.12"]
[Round "1"]
[White "uchenic"]
[Black "pfalcon1949"]
[Result "1/2-1/2"]
[WhiteElo "2472"]
[BlackElo "1991"]
[TimeControl "180+1"]
[EndTime "10:07:35 PDT"]
[Termination "Game drawn - insufficient material"]

1. d4 Nf6 2. c4 e6 3. Nf3 Bb4+ 4. Bd2 Qe7 5. g3 Nc6 6. Bg2 Bxd2+ 7. Qxd2 d6 8. Nc3 O-O 9. O-O a5 10. Rad1 a4 11. Ne1 Bd7 12. e3 e5 13. Nb5 Rfc8 14. dxe5 Nxe5 15. Bxb7 Nxc4 16. Qb4 Ne5 17. Bxa8 Rxa8 18.
Nxc7 Rc8 19. Nd5 Nxd5 20. Rxd5 Bh3 21. Qxd6 Qxd6 22. Rxd6 Bxf1 23. Kxf1 Kf8 24. Ke2 Rc1 25. Ra6 Rb1 26. Rxa4 Rxb2+ 27. Kf1 f5 28. h3 Kf7 29. Kg2 Kf6 30. Ra6+ Kf7 31. a4 Nc4 32. Kf1 g5 33. Nd3 Ra2 34. Nc5 Nd2+ 35. Kg2 Nc4 36. Re6 h5 37. h4 g4 38. Rh6 Nxe3+ 39. Kg1 Nd1 40. Rxh5 Kg6 41. Rg5+ Kf6 42. Nd7+ Ke7 43. Nb6 Nxf2 44.
Rxf5 Nd3 45. Rg5 Kf6 46. Rxg4 Ne5 47. Rf4+ Kg6 48. Nd5 Nd3 49. Rd4 Ne5 50. g4 Nf3+ 51. Kf1 Nxd4 52. h5+ Kg5 53. Ne3 Rxa4 54. Kf2 Rc4 55.
Kg3 Rc3 56. Kf2 Ne6 57. Kf3 Ng7 58. Ke4 Nxh5 59. gxh5 Kxh5 60. Kd4 Rxe3 61. Kxe3 1/2-1/2

[Event "*** Titled Tuesday Blitz"]
[Site "Chess.com"]
[Date "2020.05.12"]
[Round "1"]
[White "Aureliano-Buendia"]
[Black "HonzaVykouk"]
[Result "1-0"]
[WhiteElo "2403"]
[BlackElo "2723"]
[TimeControl "180+1"]
[EndTime "10:07:36 PDT"]
[Termination "Aureliano-Buendia won by checkmate"]

1. d4 Nf6 2. c4 g6 3. Nc3 d6 4.
e4 Bg7 5. Be2 O-O 6. Bg5 h6 7.
Be3 Nbd7 8. Qd2 Kh7 9. h4 e5 10.
d5 Nc5 11. f3 Nh5 12. g4 Ng3 13. Rh2 Nxe2 14. Ngxe2 a5 15. h5 g5 16. b3 b6 17. Ng3 Nb7 18. Kf1 Re8 19. Kg1 Bd7 20.
a3 Bf8 21. Qc1 c6 22. dxc6 Bxc6 23. a4 Nc5 24. Qc2 Ne6 25. Rd1 Rc8 26. Rhd2 Qc7 27. Nf5 Red8 28. Nd5 Bxd5 29. exd5 Nc5 30. Nxd6+ e4 31.
Nxc8 Qg3+ 32. Rg2 Qxf3 33. Qf2 Rxc8 34. Qxf3 exf3 35. Rf2 f5 36. Rxf3 fxg4 37. Rf7+ Kg8 38. Rdf1 Nxb3 39. d6 Bxd6 40. Bxb6 Nd2 41. c5 Bf4 42.
R1xf4 gxf4 43. Rxf4 Nb3 44. Rxg4+ Kf7 45. Rg3 Nd4 46. Rg6 Nf5 47. Kf2 Re8 48. c6 Rc8 49. c7 Ke7 50. Bxa5 Kd7 51. Bb6 Rf8 52. Ke1 Re8+ 53.
Kd2 Kc8 54. a5 Kb7 55. Rf6 Re5 56. a6+ Kc8 57. Rf8+ Kd7 58. c8=Q+ Kd6 59. Bc7+ Kd5 60. Bxe5 Nd6 61. Bxd6 Ke4 62. Rf4+ Kd5 63. Qc5+ Ke6 64. Re4+ Kd7 65. Qc7# 1-0

[Event "*** Titled Tuesday Blitz"]
[Site "Chess.com"]
[Date "2020.05.12"]
[Round "1"]
[White "Shoytan"]
[Black "Susal_De_Silva"]
[Result "1-0"]
[WhiteElo "2572"]
[BlackElo "2238"]
[TimeControl "180+1"]
[EndTime "10:07:36 PDT"]
[Termination "Shoytan won by resignation"]

1. d4 Nf6 2. c4 e6 3. g3 b6 4. Bg2 d5 5. Nf3 Bb7 6. O-O Be7 7. Nc3 O-O 8. cxd5 exd5 9. Bg5 Nbd7 10. Ne5 Nxe5 11. dxe5 Ne4 12. Bxe7 Qxe7 13. Qd4 Rad8 14.
Nxd5 Bxd5 15. Bxe4 c5 16. Qd3 Qxe5 17. Bxh7+ Kh8 18. Qf5 Qxe2 19. Qh3 Qe6 20. Bf5+ Qh6 21. Qxh6+ gxh6 22. Bg4 Kg7 23. Rfd1 Bb7 24. f4 Rfe8 25.
Kf2 Kg6 26. Be2 Kf6 27. Bb5 Rf8 28. g4 a6 29. Bd7 Ke7 30. Bf5 Bc8 31. Bxc8 Rxc8 32.
Re1+ Kf6 33. h4 Rfd8 34. Rad1 b5 35. g5+ hxg5 36. hxg5+ Kg7 37. Kf3 c4 38. f5 Rxd1 39. Rxd1 c3 40. bxc3 Rxc3+ 41. Ke4 Rc2 42. Rd7 Kg8 43.
Ke5 Rxa2 44. Kf6 Rc2 45. Rd8+ Kh7 46. g6+ 1-0

[Event "*** Titled Tuesday Blitz"]
[Site "Chess.com"]
[Date "2020.05.12"]
[Round "1"]
[White "Firehand33"]
[Black "slowdgehammer"]
[Result "1-0"]
[WhiteElo "2717"]
[BlackElo "2376"]
[TimeControl "180+1"]
[EndTime "10:07:37 PDT"]
[Termination "Firehand33 won by checkmate"]

1. b3 e5 2. Bb2 Nc6 3. e3 Bd6 4. Nf3 a6 5. d3 Nf6 6. Nbd2 O-O 7. Nc4 Re8 8. Nxd6 cxd6 9. Be2 d5 10. Kf1 d6 11. h3 h6 12. Kg1 Nh7 13. Kh2 Ng5 14. Nd2 Qf6 15. f4 Ne6 16. Rf1 Qe7 17. f5 Nf8 18. f6 gxf6 19. Bg4 Ng6 20. Bxc8 Raxc8 21. Qh5 Kh7 22. a3 Nb8 23. c4 dxc4 24. Ne4 Nd7 25. dxc4 b5 26. Rad1 Rc6 27. cxb5 axb5 28.
Ng3 Rg8 29. Nf5 Qf8 30. Bc1 Rc2 31. Rxd6 Rxg2+ 32. Kh1 Rg5 33. Qxh6+ Qxh6 34. Nxh6 Kxh6 35. e4 Nf4 36. Rxd7 Kg6 37. Be3 Rg3 38. Bxf4 exf4 39.
Rxf4 Rh8 40. h4 Rxb3 41. Rd6 Rb1+ 42. Kg2 Rb2+ 43. Kg3 Rb3+ 44. Kg4 Rf8 45. Rdxf6+ Kg7 46. e5 Rxa3 47. e6 Ra7 48. h5 Re7 49. h6+ Kh7 50. Rxf7+ Rfxf7 51. Rxf7+ Rxf7 52. exf7 b4 53. f8=Q Kg6 54.
Qg7# 1-0

[Event "*** Titled Tuesday Blitz"]
[Site "Chess.com"]
[Date "2020.05.12"]
[Round "1"]
[White "MattyDPerrine"]
[Black "BAS8892"]
[Result "0-1"]
[WhiteElo "2364"]
[BlackElo "2704"]
[TimeControl "180+1"]
[EndTime "10:07:37 PDT"]
[Termination "BAS8892 won on time"]

1. Nf3 c5 2. c4 e6 3. g3 b6 4.
Bg2 Bb7 5. b3 Nf6 6. Bb2 Be7 7.
O-O d6 8. Re1 O-O 9. Nc3 Nc6 10.
d4 cxd4 11. Nxd4 Qc8 12. Ba3 Rd8 13. e4 a6 14. Rc1 Nxd4 15. Qxd4 Qc7 16. Red1 Rab8 17. h3 h6 18. Rd3 Bf8 19. Rcd1 Bc6 20. Qe3 b5 21. cxb5 axb5 22. Bb4 Ne8 23. Qd2 Qb7 24.
g4 Rbc8 25. g5 h5 26. g6 fxg6 27. Rg3 Qf7 28. Qg5 Kh7 29. Ne2 Be7 30. Qe3 e5 31. f4 Bf6 32. f5 gxf5 33. exf5 Bxg2 34. Rxg2 d5 35. Ba5 Rd7 36. b4 Rc4 37. Kh1 Nd6 38.
Qf3 e4 39. Qf4 d4 40. Ng3 d3 41. Qe3 Be5 42. Rf1 h4 0-1

[Event "*** Titled Tuesday Blitz"]
[Site "Chess.com"]
[Date "2020.05.12"]
[Round "1"]
[White "grunbergmihai"]
[Black "praveenb2002"]
[Result "1-0"]
[WhiteElo "2403"]
[BlackElo "2721"]
[TimeControl "180+1"]
[EndTime "10:07:38 PDT"]
[Termination "grunbergmihai won by resignation"]

1. Nf3 d5 2. c4 d4 3. g3 Nc6 4. Bg2 e5 5. d3 Bb4+ 6. Bd2 a5 7.
O-O Nf6 8. a3 Be7 9. e3 O-O 10.
exd4 exd4 11. Bg5 Bf5 12. Qc2 h6 13. Bxf6 Bxf6 14. Nbd2 Re8 15. Rfe1 Qd7 16. c5 Rxe1+ 17. Rxe1 Re8 18. Rxe8+ Qxe8 19. Ne4 Bxe4 20. dxe4 d3 21.
Qxd3 Bxb2 22. Nd2 Qe5 23. Nc4 Qd4 24. Qxd4 Bxd4 25. e5 Bxc5 26. Bxc6 bxc6 27. Nxa5 Bxa3 28. Nxc6 Kf8 29. f4 Ke8 30. Kg2 Kd7 31. Nd4 g6 32.
Kf3 c5 33. Nc2 Bb4 34. Ke4 Kc6 35. g4 Ba5 36. Ne3 Bd8 37. Nc4 Bh4 38. f5 gxf5+ 39.
gxf5 Be7 40. h3 Bg5 41. e6 fxe6 42. fxe6 Be7 43. Ke5 Bh4 44. Ne3 Bg5 45. Nd5 c4 46. Nf6 Bf4+ 47. Kxf4 Kd6 48. Ng4 Kxe6 49. Nxh6 c3 50. Ke3 Kf6 51. Kd3 Kg5 52. Ng4 Kh4 53. Nf2 Kg3 54. Kxc3 Kxf2 55. h4 1-0

[Event "*** Titled Tuesday Blitz"]
[Site "Chess.com"]
[Date "2020.05.12"]
[Round "1"]
[White "Sjakkerntobi"]
[Black "GothamChess"]
[Result "0-1"]
[WhiteElo "2272"]
[BlackElo "2589"]
[TimeControl "180+1"]
[EndTime "10:07:38 PDT"]
[Termination "GothamChess won on time"]

1. e4 e6 2. d4 b6 3. Bd3 Bb7 4. Qe2 d5 5. Nf3 Nf6 6. e5 Nfd7 7. c3 c5 8. O-O Qc8 9. Na3 Be7 10. Bg5 Bxg5 11. Nxg5 h6 12. Qh5 O-O 13. Bh7+ Kh8 14. Bd3 c4 15. Bc2 Qe8 16. Nb5 f5 17. Qxe8 Rxe8 18.
Nf7+ Kg8 19. Nfd6 Rf8 20. Nxb7 a6 21. Na3 b5 22. Na5 Ra7 23. b3 Rc7 24. b4 Nb6 25. Nb1 Na4 26. Bxa4 bxa4 27. Nd2 Nd7 28. f4 g6 29. Kf2 Kh7 30. Rg1 Rb8 31. a3 Rf8 32.
Ke3 Nb6 33. h3 Nc8 34. g4 Na7 35. gxf5 Rxf5 36. Rg4 Nb5 37. Nb1 Rcf7 38. Ra2 g5 39.
Rf2 Kg6 40. Nc6 Nc7 41. Nd8 Rd7 42. Nc6 Rdf7 43. Na5 Nb5 44. Nc6 Rc7 45. Na5 Kh5 46. fxg5 hxg5 47. Rgg2 Kg6 48. h4 Rh7 49. Rxg5+ Rxg5 50.
hxg5 Rh1 51. Nd2 Nxc3 52. Rf6+ Kxg5 53. Rxe6 Re1+ 54. Kf3 Ra1 55. Rxa6 Rxa3 56. e6 Nb5+ 57. Ke2 Nxd4+ 0-1

[Event "*** Titled Tuesday Blitz"]
[Site "Chess.com"]
[Date "2020.05.12"]
[Round "1"]
[White "Tsyhanchuk_Stanislav"]
[Black "DDTerziev04"]
[Result "0-1"]
[WhiteElo "2572"]
[BlackElo "2287"]
[TimeControl "180+1"]
[EndTime "10:07:38 PDT"]
[Termination "DDTerziev04 won on time"]

1. d4 d5 2. c4 dxc4 3. e4 Nf6 4. e5 Nd5 5. Bxc4 Nb6 6. Bb3 Nc6 7. Be3 Bf5 8. Nf3 e6 9. Nc3 Be7 10. O-O Nb4 11. Qd2 N4d5 12. Nxd5 Nxd5 13. Rac1 c6 14. a3 O-O 15. Rfd1 Bg4 16. Qe2 Bh5 17. Bc2 Rc8 18.
Bb1 Bg6 19. Bxg6 hxg6 20. Nd2 Qd7 21. Ne4 b6 22. Rd3 Rfd8 23. Bd2 c5 24. dxc5 bxc5 25. Rh3 Rb8 26. Qg4 Rxb2 27. Bg5 Rdb8 28. Qh4 f5 29. exf6 Nxf6 30. Bf4 Nxe4 31. Qh8+ Kf7 32. Bxb8 Qd2 33. Rf3+ Bf6 34. Rf1 Qc2 35. Be5 Rb1 36.
Rxf6+ Nxf6 37. g3 Rxf1+ 38. Kxf1 Qb1+ 39. Kg2 Qe4+ 40. Kh3 Qxe5 0-1